Map: Flashback EE

Players

Patina

  • Race: Protoss Protoss
  • League: Bronze
  • Spawn Location: 11:00

JTChopan

  • Race: Terran Terran
  • Spawn Location: 9:00

Laurys

  • Race: Terran Terran
  • Spawn Location: 11:00

MrFercho - Winner!

  • Race: Zerg Zerg
  • League: Gold
  • Spawn Location: 7:00

tigro - Winner!

  • Race: Terran Terran
  • League: Bronze
  • Spawn Location: 7:00

TATORREA - Winner!

  • Race: Protoss Protoss
  • League: Gold
  • Spawn Location: 7:00

VOD

Have the link to the VOD?

Description

Time

  • Played on: Aug. 17, 2020, 9:13 p.m.
  • Length: 12:39
Show
View Real Time Build Order
Export as new Build Order

Patina Protoss 

Build Orders: Zealot Archon, Dark Templar Rush 

Get SALT Encoding   

  12  0:03  Probe  
  13  0:19  Pylon  
  13  0:26  Assimilator  
  13  0:33  Probe  
  14  0:37  Assimilator  
  14  0:47  Gateway  
  14  0:54  Probe  
  15  1:06  Probe  
  16  1:13  Pylon  
  16  1:18  Probe  
  17  1:30  Probe  
  18  1:37  Cybernetics Core  
  18  1:46  Zealot  
  20  1:50  Probe  
  21  2:07  Gateway  
  21  2:19  Twilight Council  
  21  2:25  Probe  
  21  2:29  Sentry  
  24  2:32  Warp Gate  
  24  2:37  Probe  
  25  2:51  Robotics Facility  
  25  2:55  Probe  
  26  3:00  Sentry  
  28  3:09  Probe  
  29  3:18  Dark Shrine  
  29  3:47  Nexus  
  29  3:55  Forge  
  29  4:01  Stalker  
  31  4:10  Pylon  
  31  4:28  Probe  
  32  4:33  Warp Prism  
  34  5:10  Dark Templar x2  
  28  6:37  Stalker x2  
  32  6:46  Probe (Chrono Boost)  
  33  6:56  Probe (Chrono Boost)  
  33  7:01  Probe (Chrono Boost)  
  34  7:03  Assimilator  
  34  7:07  Pylon  
  34  7:08  Assimilator  
  35  7:09  Warp Prism  
  37  7:17  Dark Templar  
  37  7:18  Dark Templar  
  41  7:24  Archon  
  41  7:27  Probe  
  42  7:31  Photon Cannon  
  42  7:45  Pylon  
  42  7:52  Dark Templar  
  42  7:53  Dark Templar  
  46  8:01  Archon  
  46  8:07  Warp Prism  
  48  8:26  Probe  
  49  8:33  Pylon  
  49  8:36  Pylon  
  49  8:38  Probe  
  50  8:43  Dark Templar x2  
  50  8:48  Archon  
  54  8:51  Probe  
  55  9:30  Templar Archives  
  55  9:36  Probe (Chrono Boost)  
  55  9:38  Probe (Chrono Boost)  
  58  9:46  Probe (Chrono Boost)  
  43  10:02  Probe  
  38  10:13  Psionic Storm  
  32  10:14  Probe  
  31  10:21  High Templar  
  31  10:22  High Templar  
  31  11:05  Stalker  
  31  11:06  Stalker  
  29  11:34  Pylon  
  29  11:39  High Templar  
  12  12:07  High Templar  
Show
View Real Time Build Order
Export as new Build Order

JTChopan Terran 

Build Orders:  

Get SALT Encoding   

  12  0:02  SCV  
  13  0:21  Supply Depot  
  13  0:23  SCV  
  14  0:35  SCV  
  15  0:42  Refinery  
  15  0:47  SCV  
  15  0:48  Barracks  
  16  0:59  SCV  
  17  1:05  Supply Depot  
  17  1:11  SCV  
  17  1:17  Barracks  
  18  1:37  Marine  
  19  1:46  Orbital Command  
  19  1:51  Engineering Bay  
  19  2:06  Marine x2  
  21  2:24  Marine  
  22  2:39  Marine  
  22  2:42  Marine  
  24  2:45  Factory  
  24  2:48  Refinery  
  24  2:57  Barracks Reactor  
  24  3:19  Supply Depot, Barracks Tech Lab  
  24  3:53  Factory Reactor  
  24  3:56  Marine x3  
  24  3:59  Combat Shield  
  27  4:14  Marine x2, SCV  
  27  4:15  Marauder  
  32  4:19  Supply Depot  
  32  4:27  SCV  
  32  4:30  Widow Mine x2  
  37  4:32  Marine x2  
  39  4:41  Marauder  
  41  4:48  SCV  
  41  4:50  Marine x2  
  44  5:03  Marauder  
  46  5:09  Marine  
  46  5:10  Missile Turret  
  47  5:31  Missile Turret  
  47  5:38  Marine  
  47  5:39  Marine  
  47  5:56  Marine  
  47  6:33  Marine  
  47  7:23  Command Center  
  47  7:36  Marauder, Marine x2, Widow Mine x2  
  55  7:42  Supply Depot  
  55  7:43  Supply Depot  
  55  7:46  Supply Depot  
  55  7:52  Terran Infantry Weapons Level 1  
  55  8:03  Marine  
  55  8:04  Marauder, Widow Mine x2, SCV  
  55  8:05  Marine  
  64  8:09  Factory  
  64  8:16  SCV  
  65  8:21  Marine  
  65  8:23  Marine  
  65  8:25  Marauder, Widow Mine  
  71  8:39  Marine  
  72  8:47  Marauder  
  74  8:52  Marine  
  75  8:57  Marine  
  76  9:05  Widow Mine x2  
  76  9:08  Marauder  
  82  9:10  Marine  
  82  9:15  Marine  
  69  9:26  Widow Mine x2  
  69  9:28  Marine  
  69  9:29  Marauder  
  76  9:47  Widow Mine  
  76  9:48  Widow Mine  
  76  9:51  Marauder  
  82  10:01  Marine  
  82  10:02  Marine  
  84  10:09  Widow Mine x2  
  84  10:12  Marauder  
  86  10:19  Marine  
  82  10:22  Marine  
  75  10:30  Widow Mine x2  
  75  10:34  Marauder  
  76  10:37  Marine  
  76  10:40  Marine  
  64  10:52  Widow Mine x2  
  64  10:55  Marauder, Marine  
  61  10:58  Marine  
  47  11:13  Marine  
  47  11:16  Marauder, Marine  
  45  11:31  Marine  
  38  11:34  Marine  
  38  11:38  Marauder, SCV  
  38  11:48  Marine, Factory Tech Lab  
  38  11:50  SCV  
  38  11:51  Marine  
  41  12:00  Hellion  
  42  12:02  SCV  
Show
View Real Time Build Order
Export as new Build Order

Laurys Terran 

Build Orders: 2 Factory 

Get SALT Encoding   

  12  0:17  Supply Depot  
  12  0:18  Refinery  
  12  0:44  Barracks  
  12  0:57  SCV  
  13  1:10  Refinery  
  13  1:34  Marine  
  14  1:52  Marine  
  15  2:02  Factory  
  15  2:15  Orbital Command  
  15  2:25  Barracks Reactor  
  15  2:42  Factory  
  15  2:46  Factory Tech Lab  
  15  3:04  Marine x2  
  17  3:13  SCV  
  17  3:18  Supply Depot  
  18  3:22  Marine x2  
  20  3:36  Factory Tech Lab  
  20  3:55  Factory Tech Lab  
  20  4:03  Starport  
  20  4:12  Marine x2  
  22  4:17  Siege Tank  
  22  4:19  Siege Tank  
  28  4:32  Supply Depot  
  28  4:41  SCV  
  29  5:15  Cloaking Field  
  29  5:27  SCV  
  30  5:46  Marine x2  
  18  6:04  Marine x2  
  18  6:05  Orbital Command  
  19  6:22  Marine x2  
  21  6:35  Hyperflight Rotors  
  21  6:43  SCV  
  22  7:02  SCV  
  23  7:13  Banshee  
  26  7:27  SCV  
  27  7:42  SCV  
  28  7:54  SCV  
  28  7:56  Banshee  
  32  8:15  Command Center, SCV  
  33  8:44  Siege Tank  
  36  9:01  SCV  
  37  9:07  Widow Mine  
  39  9:25  Supply Depot  
  39  9:46  Marine x2  
  38  10:03  Marine  
  38  10:04  Marine  
  37  10:23  Siege Tank  
  37  10:28  Marine  
  18  11:27  SCV  
  21  11:54  Siege Tank  
Show
View Real Time Build Order
Export as new Build Order

MrFercho Zerg - Winner!

Build Orders: Hatch First, Roach Hydra 

Get SALT Encoding   

  12  0:00  Drone  
  13  0:18  Overlord  
  13  0:19  Drone  
  14  0:36  Drone x2  
  16  0:44  Drone  
  17  0:57  Drone  
  17  1:01  Drone  
  17  1:02  Hatchery  
  18  1:13  Extractor  
  18  1:18  Spawning Pool  
  16  1:19  Drone  
  16  1:22  Drone  
  18  1:33  Drone  
  19  1:45  Drone  
  20  1:55  Drone  
  21  2:05  Drone  
  22  2:13  Queen  
  22  2:14  Overlord  
  24  2:15  Queen  
  24  2:17  Drone  
  27  2:25  Drone  
  28  2:30  Overlord  
  29  2:37  Drone  
  29  2:38  Drone  
  30  2:48  Drone  
  31  2:52  Hatchery, Drone  
  31  2:53  Queen  
  33  3:01  Lair  
  33  3:04  Drone  
  34  3:06  Drone  
  34  3:08  Drone  
  36  3:22  Overlord  
  36  3:23  Drone x2  
  38  3:29  Drone x5  
  38  3:32  Overlord  
  43  3:36  Pneumatized Carapace  
  43  3:38  Drone  
  44  3:47  Extractor  
  43  3:48  Extractor  
  43  3:50  Drone x3  
  43  3:54  Roach Warren  
  44  3:58  Evolution Chamber  
  43  4:03  Drone x2  
  43  4:04  Drone  
  43  4:05  Drone x3  
  43  4:07  Drone  
  50  4:10  Overlord  
  50  4:25  Drone x7  
  57  4:38  Overlord  
  57  4:40  Drone x4  
  61  4:55  Drone x2  
  61  4:57  Extractor  
  61  4:59  Extractor  
  61  5:00  Drone x3  
  61  5:01  Hatchery, Drone x2  
  61  5:02  Overlord x3, Drone  
  66  5:07  Glial Reconstitution  
  66  5:09  Zerg Missile Weapons Level 1  
  66  5:12  Drone x2  
  68  5:24  Overlord x3  
  68  5:29  Drone x2  
  68  5:30  Drone x5  
  75  5:41  Roach  
  75  5:42  Roach x2  
  81  5:52  Drone x2  
  83  5:59  Drone x4  
  87  6:30  Roach  
  87  6:31  Roach x10  
  109  6:37  Overseer  
  109  6:42  Overlord x3  
  109  6:46  Drone  
  109  6:47  Drone x4  
  114  6:49  Extractor  
  114  6:51  Extractor  
  113  7:01  Drone x2  
  113  7:03  Drone  
  115  7:19  Extractor  
  115  7:20  Hydralisk Den  
  115  7:22  Evolution Chamber  
  112  7:25  Roach x13, Infestation Pit  
  112  7:28  Overlord  
  137  7:32  Overseer  
  137  7:55  Drone  
  137  7:56  Drone x2  
  140  7:59  Roach x6  
  140  8:00  Roach x5  
  162  8:18  Zerg Missile Weapons Level 2, Hatchery  
  161  8:21  Hatchery, Zerg Ground Armor Level 1  
  161  8:23  Hive  
  161  8:25  Hydralisk x4  
  168  8:27  Grooved Spines  
  168  8:29  Overlord x2  
  168  8:30  Overlord x4  
  168  8:31  Overlord x2  
  168  8:59  Spawning Pool, Lurker Den  
  168  9:02  Spire  
  166  9:12  Hydralisk x5  
  166  9:13  Hydralisk x12  
  194  9:39  Muscular Augments  
  185  9:46  Hatchery  
  176  10:17  Hatchery  
  176  10:19  Zerg Ground Armor Level 2  
  143  10:29  Seismic Spines  
  143  10:30  Hydralisk, Greater Spire  
  143  10:31  Hydralisk x21  
  143  10:32  Hydralisk x3  
  137  11:09  Roach x2  
  137  11:10  Roach x19  
  171  11:25  Spore Crawler  
  164  11:26  Adaptive Talons  
  164  11:31  Spore Crawler  
  163  11:33  Hydralisk  
  163  11:34  Hydralisk x6  
  163  11:37  Zergling x2  
  163  11:38  Zergling x34  
  195  11:57  Overseer  
  195  11:58  Overseer  
Show
View Real Time Build Order
Export as new Build Order

tigro Terran - Winner!

Build Orders:  

Get SALT Encoding   

  12  0:14  SCV  
  13  0:25  Supply Depot  
  13  0:27  SCV  
  14  0:39  SCV  
  15  0:48  Supply Depot  
  15  0:51  SCV  
  15  0:52  Barracks  
  16  1:03  SCV  
  17  1:06  Refinery  
  17  1:15  SCV  
  18  1:28  SCV  
  18  1:31  Refinery  
  19  1:39  Marine  
  20  1:40  SCV  
  21  1:52  SCV  
  22  1:57  Marine  
  23  2:04  SCV  
  24  2:13  Factory  
  24  2:15  Marine  
  25  2:16  SCV  
  26  2:27  Engineering Bay  
  26  2:32  Orbital Command  
  26  2:33  Marine  
  27  2:51  Marine  
  28  3:07  Missile Turret  
  28  3:17  Factory Tech Lab  
  28  3:28  Missile Turret  
  28  3:35  Barracks Tech Lab  
  28  3:37  Siege Tank  
  31  3:44  Terran Infantry Weapons Level 1  
  31  3:55  Combat Shield, Missile Turret  
  31  4:01  Marine  
  32  4:09  Siege Tank  
  35  4:17  Missile Turret  
  35  4:40  Missile Turret  
  35  4:45  Command Center, Siege Tank  
  38  5:00  Missile Turret  
  38  5:13  Marine  
  39  5:17  Siege Tank  
  42  5:23  Missile Turret  
  42  5:27  Starport  
  42  5:31  Marine  
  43  5:38  Terran Infantry Armor Level 1  
  43  5:48  Marine  
  44  5:52  Stimpack  
  44  6:00  Refinery  
  44  6:02  SCV  
  44  6:04  Refinery  
  45  6:06  Marine  
  46  6:14  SCV  
  39  6:24  Marine  
  37  6:26  SCV  
  38  6:38  Medivac, SCV  
  41  6:50  SCV  
  42  6:57  SCV  
  43  7:02  SCV  
  46  7:09  SCV  
  46  7:14  SCV  
  48  7:17  Missile Turret  
  48  7:21  SCV  
  49  7:24  Starport Tech Lab  
  49  7:27  SCV  
  48  7:32  Neosteel Armor  
  48  7:33  SCV  
  49  7:37  Missile Turret  
  49  7:39  SCV  
  50  7:45  SCV  
  50  7:47  Armory  
  50  7:51  SCV  
  52  8:02  Missile Turret  
  52  8:03  SCV  
  53  8:15  SCV  
  54  8:23  Missile Turret  
  54  8:27  SCV  
  55  8:35  Fusion Core  
  55  8:39  SCV  
  56  8:49  Supply Depot  
  56  8:51  SCV  
  57  9:00  Barracks  
  57  9:01  Missile Turret  
  57  9:12  Supply Depot, Thor, Hi-Sec Auto Tracking  
  57  9:15  Terran Vehicle Weapons Level 1  
  63  9:22  Missile Turret  
  63  9:44  Marine  
  53  9:55  Marine  
  54  10:02  Marine  
  55  10:09  Terran Infantry Weapons Level 2  
  55  10:11  Medivac  
  55  10:13  Marine  
  58  10:15  Thor  
  58  10:20  Marine  
  66  10:37  Marine  
  66  10:40  Barracks Reactor  
  66  10:42  Battlecruiser  
  72  10:46  Weapon Refit  
  72  10:55  Marine  
  73  11:13  Marine  
  74  11:31  Marine  
  75  11:37  Missile Turret  
  75  11:48  Supply Depot  
  75  11:49  Marine  
  76  11:56  Missile Turret  
  76  12:07  Command Center  
  76  12:10  Supply Depot  
  82  12:18  Missile Turret  
Show
View Real Time Build Order
Export as new Build Order

TATORREA Protoss - Winner!

Build Orders: Mass Adepts 

Get SALT Encoding   

  12  0:03  Probe  
  13  0:15  Probe  
  14  0:28  Probe  
  15  0:30  Pylon  
  15  0:48  Probe  
  16  0:56  Gateway  
  16  0:59  Gateway  
  16  1:00  Probe  
  17  1:12  Probe  
  17  1:17  Assimilator  
  18  1:19  Pylon  
  18  1:24  Probe  
  19  1:34  Pylon  
  19  1:35  Assimilator  
  19  1:37  Probe  
  19  1:51  Cybernetics Core  
  19  1:53  Probe (Chrono Boost)  
  20  2:04  Probe (Chrono Boost)  
  20  2:08  Gateway, Probe (Chrono Boost)  
  22  2:18  Forge  
  22  2:27  Probe  
  23  2:40  Twilight Council  
  23  2:48  Warp Gate  
  23  2:51  Adept, Pylon  
  23  2:53  Adept  
  27  3:00  Adept  
  29  3:10  Resonating Glaives (Chrono Boost)  
  29  3:18  Protoss Ground Weapons Level 1 (Chrono Boost)  
  29  3:29  Adept  
  29  3:30  Adept  
  33  3:34  Adept  
  35  4:05  Adept  
  35  4:06  Nexus  
  37  4:29  Probe  
  38  4:32  Pylon  
  38  4:42  Probe  
  38  4:44  Adept x2  
  38  4:45  Adept  
  45  4:54  Probe  
  46  5:06  Probe  
  47  5:18  Probe  
  48  5:30  Probe  
  33  6:38  Stalker x3  
  33  6:39  Protoss Ground Weapons Level 2 (Chrono Boost)  
  35  6:41  Probe  
  35  6:42  Probe  
  37  6:54  Probe x2  
  39  6:57  Pylon  
  39  7:00  Pylon  
  39  7:04  Pylon  
  39  7:06  Gateway  
  39  7:11  Gateway  
  39  7:12  Charge  
  39  7:16  Probe (Chrono Boost)  
  39  7:17  Probe (Chrono Boost)  
  39  7:22  Gateway  
  41  7:25  Gateway  
  41  7:27  Probe x2 (Chrono Boost)  
  41  7:28  Gateway  
  43  7:30  Gateway  
  43  7:31  Probe x2 (Chrono Boost)  
  45  7:41  Assimilator  
  45  7:42  Probe x2  
  47  7:45  Assimilator  
  47  7:50  Nexus  
  47  7:52  Pylon  
  47  7:54  Pylon, Probe x2  
  49  8:06  Probe  
  49  8:07  Probe  
  51  8:20  Forge, Pylon  
  51  8:23  Pylon  
  51  8:25  Stargate  
  51  8:29  Robotics Facility, Stargate  
  51  8:32  Templar Archives  
  51  8:40  Probe x2  
  53  8:44  Stalker x4  
  53  8:45  Stalker  
  53  8:47  Zealot  
  65  8:52  Probe  
  65  8:53  Probe  
  67  8:59  Protoss Ground Weapons Level 3 (Chrono Boost)  
  67  9:01  Protoss Shields Level 1 (Chrono Boost)  
  67  9:02  Blink  
  67  9:04  Probe  
  67  9:05  Probe  
  69  9:22  Fleet Beacon  
  69  9:25  Zealot x2  
  69  9:26  Zealot  
  74  9:45  Zealot x2  
  74  9:46  Zealot x4  
  71  10:16  Zealot x5  
  71  10:17  Zealot x4  
  71  10:20  Probe x3  
  92  10:32  Probe x3  
  95  10:41  Assimilator  
  95  10:44  Stalker x3, Probe x3  
  95  10:45  Assimilator  
  95  10:46  Stalker  
  106  10:57  Zealot x4  
  106  10:59  Probe x2  
  116  11:18  Nexus  
  116  11:21  Pylon  
  116  11:23  Pylon  
  116  11:25  Probe  
  116  11:26  Probe x2  
  117  11:38  Probe x3  
  106  12:05  High Templar x2  
  106  12:06  High Templar x4  
  106  12:07  High Templar x3  
  124  12:10  Archon x2  
  124  12:11  Archon x2  
  125  12:27  Probe  
Tags
 
Add a new tag
Caveats
  • Supply blocks, unpowered buildings, or Contaminate may cause inaccurate times.
  • Supply counts are checked every 10 seconds.